 Dungeon Crawl Stone Soup version 0.20-a0-941-gba1b1f9 (webtiles) character file.

793 Duffy the Shield-Bearer (level 7, 0/62 HPs)
             Began as a Naga Fighter on Mar 31, 2017.
             Was an Initiate of Makhleb.
             Slain by a rat (3 damage)
             ... summoned by Eustachio
             ... on level 4 of the Dungeon.
             The game lasted 00:03:46 (3477 turns).

Duffy the Shield-Bearer (Naga Fighter)              Turns: 3477, Time: 00:03:46

Health: 0/62       AC: 10    Str: 20    XL:     7   Next: 88%
Magic:  7/7        EV:  6    Int:  9    God:    Makhleb [......]
Gold:   153        SH: 10    Dex: 10    Spells: 6/6 levels left

rFire    + . .     SeeInvis +   a - +0 war axe
rCold    . . .     Gourm    .   c - +0 shield
rNeg     . . .     Faith    .   r - +2 scale mail {rF+}
rPois    +         Spirit   .   p - +0 helmet
rElec    .         Reflect  .   (no cloak)
rCorr    .         Harm     .   m - +0 pair of gloves
MR       .....                  (no barding)
Stlth    ..........             (no amulet)
Regen    0.2/turn               (no ring)
MPRegen  0.1/turn               (no ring)

@: short of breath, very slow
A: see invisible, deformed body, poison resistance, slowness 2, slow metabolism
1, spit poison 1, AC +2
a: Spit Poison, Renounce Religion


You were on level 4 of the Dungeon.
You worshipped Makhleb.
Makhleb was noncommittal.
You were not hungry.

You visited 2 branches of the dungeon, and saw 5 of its levels.

You collected 153 gold pieces.

Inventory:

Hand Weapons
 a - a +0 war axe (weapon)
 v - a +1 hand axe of flaming
 w - a +0 blowgun
Armour
 c - a +0 shield (worn)
 m - a +0 pair of gloves (worn)
 p - a +0 helmet (worn)
 r - a +2 scale mail of fire resistance (worn)
Wands
 u - a wand of flame (5/48)
Scrolls
 h - 7 scrolls of identify {unknown}
 i - a scroll of amnesia {unknown}
 k - 2 scrolls of remove curse {unknown}
 l - a scroll of fog {unknown}
 q - a scroll of recharging {unknown}
 s - 2 scrolls of immolation {unknown}
 x - a scroll of fear {unknown}
Potions
 b - a potion of lignification {unknown}
 d - a potion of might
 e - a potion of magic {unknown}
 j - a potion of haste {unknown}
 n - a potion of curing {unknown}
 o - a potion of brilliance {unknown}
Comestibles
 f - 4 bread rations
 g - 3 royal jellies
 t - a fruit


   Skills:
 - Level 3.0 Fighting
 + Level 5.6 Axes
 - Level 2.4 Armour
 + Level 6.0 Shields


You had 6 spell levels left.
You didn't know any spells.

Dungeon Overview and Level Annotations

Branches:
Dungeon (4/15)             Temple (1/1) D:4

Altars:
Ashenzari
Cheibriados
Dithmenos
Elyvilon
Fedhas
Gozag
Hepliaklqana
Kikubaaqudgha
Makhleb
Nemelex Xobeh
Okawaru
Ru
Sif Muna
Uskayaw
Vehumet
Wu Jian
Xom
Yredelemnul
The Shining One

Annotations:
D:4 Eustachio


Innate Abilities, Weirdness & Mutations

You cannot wear boots.
Your serpentine skin is tough. (AC +2)
You have supernaturally acute eyesight. (SInv)
Armour fits poorly on your strangely shaped body.
Your system is resistant to poisons. (rPois)
You cover ground very slowly.
You have a slow metabolism.
You can spit poison.


Message History

The rat bites you but does no damage. Eustachio hits you but does no damage.
You block the ufetubus's attack. x2; The rat bites you but does no damage.
You slash Eustachio!
Eustachio is severely wounded.
You completely miss the rat. You hit the ufetubus. The bat closely misses you.
The ufetubus hits you. You block the ufetubus's attack.
Eustachio hits you but does no damage. The ufetubus barely misses you.
The ufetubus hits you. The bat hits you but does no damage.
You block the rat's attack. You block the bat's attack.
You slash Eustachio!
Eustachio is almost dead.
You barely miss the bat. You closely miss the bat.
You closely miss the ufetubus. You barely miss the rat.
The bat hits you but does no damage. You block the bat's attack.
The bat hits you but does no damage. You block the ufetubus's attack.
The ufetubus hits you. Eustachio barely misses you.
The bat hits you but does no damage.
The ufetubus hits you but does no damage.
The ufetubus barely misses you. The rat bites you.
You die...

....... .# #
#.......... .
....######
...#...###
#.(......#
#........#
#........#
#.r......#
#.5@@....#
#..b.....#
#...=b...#
#...$....#
#........#########
#.................
######............
#............
#............


You could see Eustachio, an ufetubus, 2 bats and a rat.

Vanquished Creatures
  Sigmund (D:2)
  Menkaure (D:4)
  An ogre (D:4)
  A jelly (D:4)
  A hound (D:4)
  A centaur skeleton (D:4)
  Terence (D:2)
  Jessica (D:3)
  Ijyb (D:3)
  3 worker ants (D:4)
  2 hound skeletons (D:4)
  Robin (D:2)
  3 adders
  2 adder skeletons
  2 worms
  2 dart slugs
  4 leopard geckos
  3 orcs
  2 ball pythons
  4 giant cockroaches
  25 goblins
  5 hobgoblins
  5 jackals
  9 kobolds
  A quokka (D:3)
  4 bats
  7 frilled lizards
  A quokka skeleton (D:4)
  5 rats
  2 rat zombies (D:3)
101 creatures vanquished.

Notes
Turn   | Place    | Note
-------+----------+-------------------------------------------
     0 | D:1      | Duffy the Naga Fighter began the quest for the Orb.
     0 | D:1      | Reached XP level 1. HP: 21/21 MP: 1/1
   222 | D:1      | Reached XP level 2. HP: 27/28 MP: 2/2
   449 | D:1      | Reached XP level 3. HP: 32/34 MP: 3/3
   857 | D:2      | Noticed Sigmund
   911 | D:2      | Killed Sigmund
   911 | D:2      | Reached skill level 4 in Shields
   911 | D:2      | Reached XP level 4. HP: 21/42 MP: 4/4
   911 | D:2      | Reached XP level 5. HP: 24/49 MP: 5/5
  1087 | D:2      | Noticed Robin
  1278 | D:2      | Reached XP level 6. HP: 46/56 MP: 6/6
  1283 | D:2      | Killed Robin
  1376 | D:2      | Found a deep blue altar of Sif Muna.
  1466 | D:2      | Noticed Terence
  1482 | D:2      | Killed Terence
  1482 | D:2      | Reached skill level 5 in Shields
  1757 | D:3      | Noticed Ijyb
  1777 | D:3      | Killed Ijyb
  1958 | D:3      | Noticed Jessica
  1964 | D:3      | Killed Jessica
  2203 | D:3      | Found an ancient bone altar of Kikubaaqudgha.
  2425 | D:4      | Reached XP level 7. HP: 8/62 MP: 7/7
  2756 | D:4      | Found a snail-covered altar of Cheibriados.
  2766 | D:4      | Noticed Menkaure
  2776 | D:4      | Killed Menkaure
  2776 | D:4      | Reached skill level 5 in Axes
  3173 | D:4      | Reached skill level 6 in Shields
  3193 | D:4      | Found a staircase to the Ecumenical Temple.
  3212 | Temple   | Entered the Ecumenical Temple
  3302 | Temple   | Became a worshipper of Makhleb the Destroyer
  3444 | D:4      | Noticed Eustachio
  3476 | D:4      | HP: 3/62 [ufetubus[Eustachio] (3)]
  3477 | D:4      | Slain by a rat

Vault maps used:
D:1:      saegor_arrival_miasma
D:2:      lemuel_blue_sif_altar, first_bread, uniq_robin, uniq_sigmund,
          uniq_terence
D:3:      lemuel_zombie_altar_kikubaaqudgha, uniq_jessica, uniq_iyjb
D:4:      cheibriados_altar_1, minmay_temple_entry_butterflies, uniq_menkaure,
          uniq_eustachio
Temple:   lightli_temple_of_artemis

Skill      XL: |  1  2  3  4  5  6  7 |
---------------+----------------------+-----
Axes           | 3 4 5 |  5.6
Shields        | 4 5 6 |  6.0
Fighting       | |  3.0
Armour         | |  2.4

Action                   |  1- 3 |  4- 6 |  7- 9 || total
-------------------------+-------+-------+-------++-------
Melee: War axe           |    84 |   158 |    82 ||   324
 Abil: Spit Poison       |     7 |     2 |     2 ||    11
  Eat: Chunk             |       |     4 |     3 ||     7
Armor: Scale mail        |    39 |    85 |    93 ||   217
Dodge: Dodged            |    18 |    49 |    40 ||   107
Block: Shield            |    46 |   103 |    72 ||   221
